 Dungeon Crawl Stone Soup version 0.28.0-47-ge53b351184 (webtiles) character file.

Game seed: 6822300295608730520

17 RatsInWalls the Conjurer (level 2, 24/24 HPs)
             Began as an Ogre Conjurer on May 9, 2022.
             Quit the game on level 1 of the Dungeon.
             The game lasted 00:00:54 (998 turns).

RatsInWalls the Conjurer (Ogre Conjurer)             Turns: 998, Time: 00:00:55

Health: 24/24      AC:  3    Str: 10    XL:     2   Next: 62%
Magic:  2/5        EV:  9    Int: 19    God:
Gold:   11         SH:  0    Dex:  7    Spells: 5/6 levels left

rFire   . . .      SeeInvis .   d - +1 hand axe (vorpal)
rCold   . . .      Faith    .   (no shield)
rNeg    . . .      Spirit   .   a - +0 robe
rPois   .          Reflect  .   (helmet restricted)
rElec   .          Harm     .   (no cloak)
rCorr   .          Rampage  .   (gloves unavailable)
Will    .....                   (boots unavailable)
Stlth   +.........              (no amulet)
HPRegen 0.08/turn               (no ring)
MPRegen 0.09/turn               (no ring)

@: no status effects
A: large, unfitting armour, tough skin 1
a: no special abilities


You were on level 1 of the Dungeon.
You visited 1 branch of the dungeon, and saw 1 of its levels.

You collected 11 gold pieces.

Inventory:

Hand Weapons
 d - a +1 vorpal hand axe (weapon)
Armour
 a - a +0 robe (worn)
Scrolls
 c - a scroll of fog {unknown}
 e - a scroll of silence {unknown}
Potions
 b - a potion of brilliance {unknown}


   Skills:
 + Level 2.0 Dodging
 + Level 1.6 Stealth
 * Level 2.9 Spellcasting
 + Level 3.7 Conjurations


You had 5 spell levels left.
You knew the following spells:

 Your Spells              Type           Power      Damage    Failure   Level
a - Magic Dart            Conj           68%        1d6       3%          1

Your spell library contained the following spells:

 Spells                   Type           Power      Damage    Failure   Level
 Searing Ray              Conj           34%        2d5       4%          2
 Dazzling Flash           Conj/Hex       18%        N/A       22%         3
 Fulminant Prism          Conj/Hex       4%         3d6       56%         4
 Iskenderun's Mystic Bla  Conj/Tloc      9%         2d4       56%         4


Dungeon Overview and Level Annotations

Branches:
Dungeon (1/15)

Altars:


Innate Abilities, Weirdness & Mutations

You are too large for most types of armour.
You have tough skin. (AC +1)


Message History

As you open the door, it creaks loudly!
There is an open door here.
A kobold comes into view. It is wielding a +0 whip.
The magic dart hits the kobold but does no damage.
The kobold shouts!
The magic dart hits the kobold.
The kobold is severely wounded.
The magic dart hits the kobold.
You kill the kobold!
Found a faded altar of an unknown god.
Things that are here:
a +0 whip; a kobold corpse
Found a faded altar of an unknown god.
There is an open door here.
You open the door.
There is an open door here.
A giant cockroach comes into view.
A giant cockroach is nearby!
The magic dart hits the giant cockroach but does no damage.
The magic dart hits the giant cockroach.
The giant cockroach is almost dead.
The magic dart hits the giant cockroach but does no damage.
The giant cockroach is almost dead.
The magic dart hits the giant cockroach.
You kill the giant cockroach!
You can't see any susceptible monsters within range! (Use Z to cast anyway.)
You open the door.
There is an open door here.
There is an open door here.
You open the door.
There is an open door here.
A ball python comes into view.
The magic dart hits the ball python.
The ball python is moderately wounded.
The magic dart hits the ball python.
The ball python is severely wounded.
The ball python barely misses you.
The magic dart hits the ball python.
You kill the ball python!
Are you sure you want to abandon this character and quit the game? (Confirm with "yes".)

###.....##.........####...##.#
...........+.........'.......#.#
#####...#.##.........####...##.#
###..#.###.......## ##.###.#
###....#.####.....## #####.#
............##...## #...#
##....#.##.###'## #.###
#..>.#.##.# #.# #.# #......##.#
#@# #)# #.....###.# #†# #.#
##.#.)###.# ... #.#
#.....>..#..... #.#
#.#####..######...## #.#
#........# ##.## ######.#
########.##############......#
#................######
##################


There were no monsters in sight!

Vanquished Creatures
  2 ball pythons (D:1)
  2 bats (D:1)
  An endoplasm (D:1)
  2 giant cockroaches (D:1)
  A hobgoblin (D:1)
  2 kobolds (D:1)
  A quokka (D:1)
  2 frilled lizards (D:1)
  2 goblins (D:1)
15 creatures vanquished.

Notes
Turn   | Place    | Note
-------+----------+-------------------------------------------
     0 | D:1      | RatsInWalls the Ogre Conjurer began the quest for the Orb.
     0 | D:1      | Reached XP level 1. HP: 16/16 MP: 3/3
   325 | D:1      | Reached XP level 2. HP: 24/24 MP: 1/5
   826 | D:1      | Found a faded altar of an unknown god.
   844 | D:1      | Found a faded altar of an unknown god.
   998 | D:1      | Quit the game

Illustrated notes

Levels and vault maps discovered:
D:1:      saegor_arrival_simple_d, layout_loops_corners,
          hellmonk_ecumenical_altar_the_god_not_taken, hangedman_decor_push

Skill      XL: |  1  2 |
---------------+-------+-----
Dodging        | 2 |  2.0
Stealth        | |  1.6
Spellcasting   | |  2.9
Conjurations   | |  3.7

Action                   || total
-------------------------++-------
Melee: Unarmed           ||     1
       Hand axe          ||     5
 Cast: Magic Dart        ||    24
Armor: Robe              ||     1
Dodge: Dodged            ||     2
